 Dungeon Crawl Stone Soup version 0.31-a0-691-g409c26aa35 (webtiles) character file.

Game seed: 15871755265544186680

644 lunkers the Grappler (level 8, -6/59 HPs)
             Began as a Meteoran Shapeshifter on Sept 6, 2023.
             Mangled by a gnoll bouda
             ... wielding a +2 whip of pain
              (8 damage)
             ... on level 5 of the Dungeon.
             The game lasted 00:04:43 (1807 turns).

lunkers the Grappler (Meteoran Shapeshifter)        Turns: 1807, Time: 00:04:44

Health: -6/59      AC:  2    Str: 16    XL:     8   Next: 8%
Magic:  9/9        EV: 17    Int: 12    God:
Gold:   132        SH:  0    Dex: 15    Spells: 7/7 levels left

rFire   + .          .
                       - Unarmed
rCold   . . .        (no shield)
rNeg    . . .        a - +0 animal skin
rPois   .            (helmet currently unavailable)
rElec   .            (cloak currently unavailable)
rCorr   .            (gloves currently unavailable)
SInv    .            (boots currently unavailable)
Will    +....        (no amulet)
Stlth   +            o - +5 ring of evasion
HPRegen 0.29/turn    s - ring of protection from fire
MPRegen 0.11/turn

%: no passive effects
@: beast-form, glowing
A: beast (slay +3), sense surroundings 1, otherworldly, glowing, explore regen
a: Begin Untransformation


You were on level 5 of the Dungeon.
You were a hulking beast.
You visited 1 branch of the dungeon, and saw 5 of its levels.

You collected 132 gold pieces.

Inventory:

Armour
 a - a +0 animal skin (worn)
 i - a +0 helmet
Jewellery
 o - a +5 ring of evasion (left hand)
 s - a ring of protection from fire (right hand)
Talismans
 c - a beast talisman (active)
 d - a flux talisman
Scrolls
 e - a scroll of revelation
 g - a scroll of vulnerability {unknown}
 h - a scroll of enchant weapon {unknown}
 j - a scroll of immolation {unknown}
 k - a scroll of noise {unknown}
 l - a scroll of identify {unknown}
 n - a scroll of blinking {unknown}
 p - a scroll of poison {unknown}
Potions
 f - 3 potions of brilliance {unknown}
 m - a potion of attraction {unknown}
 q - a potion of cancellation {unknown}
 r - a potion of curing {unknown}


   Skills:
 - Level 1.1 Fighting
 - Level 2.1 Dodging
 * Level 8.5 Unarmed Combat
 + Level 6.2 Shapeshifting


You had 7 spell levels left.
You didn't know any spells.
Your spell library was empty.

Dungeon Overview and Level Annotations

Branches:
Dungeon (5/15) Zot: 1215
 Temple: D:4-7

Altars:


Innate Abilities, Weirdness & Mutations

You are a hulking beast.
Your limbs bulge with bestial killing power. (Slay +3)
You passively map a small area around you.
You are easily found by Zot.
You glow in the dark.
You regain HP and MP as you explore.


Message History

The scorpion barely misses you.
Unknown command.
You hit the scorpion but do no damage.
The scorpion is heavily wounded.
The gnoll hits you from afar with a +0 spear!
* * * LOW HITPOINT WARNING * * *
The scorpion stings you.
* * * LOW HITPOINT WARNING * * *
You hit the scorpion.
The scorpion is severely wounded.
The gnoll hits you from afar with a +0 spear!
* * * LOW HITPOINT WARNING * * *
The scorpion barely misses you.
The gnoll bouda barks out a call to the hunt!
The gnoll picks up the pace!
Unknown command.
You hit the scorpion.
The scorpion is almost dead.
The gnoll hits you from afar with a +0 spear!
* * * LOW HITPOINT WARNING * * *
The scorpion barely misses you.
You punch the scorpion!
You kill the scorpion!
The gnoll barely misses you.
You have reached level 8!
Okay, then.
You hit the gnoll bouda.
The gnoll bouda is lightly wounded.
The gnoll closely misses you. The gnoll bouda closely misses you.
The gnoll barely misses you.
Unknown command.
You hit the gnoll bouda.
The gnoll bouda is heavily wounded.
The gnoll hits you from afar with a +0 spear!
* * * LOW HITPOINT WARNING * * *
The gnoll misses you. The gnoll hits you with a +0 spear.
* * * LOW HITPOINT WARNING * * *
The gnoll bouda hits you with a +2 whip of pain!
You die...

.......#......#.....##......##
.......#.........##.#........#
.......##...(#...#............
.##..####.###..........#.....
, #...#...# ##....##...##....
###....§####.....#..[...... ,
*.....§.§##g.......##..... ,
,,.....§§g#gg.gg...###..... ,
, , ......#§hg##......#......
*########.#.......... , ,
###.#.####..... , , ,_
....#.s#####... * ⌠ ,
#....g.g....#... , , , ,
#.......ggg..#.. ,
#.##....###gg#.. , ,* ,,#.
###... #..... , * #.... g.....


You could see a gnoll bouda and 4 gnolls.

Vanquished Creatures
  Grinder (D:3)
  2 ogres
  A scorpion (D:5)
  2 jellies
  An iguana (D:5)
  Terence (D:3)
  4 adders
  A white imp (D:5)
  A worm (D:2)
  A dart slug (D:3)
  5 orcs (D:3)
  7 ball pythons
  3 bats (D:3)
  6 endoplasms
  2 giant cockroaches
  4 goblins
  10 hobgoblins
  4 jackals (D:4)
  3 quokkas
  4 frilled lizards
  4 kobolds
  12 rats
79 creatures vanquished.

Notes
Turn   | Place    | Note
-------+----------+-------------------------------------------
     0 | D:1      | lunkers the Meteoran Shapeshifter began the quest for the
                  | Orb.
     0 | D:1      | Reached XP level 1. HP: 16/16 MP: 2/2
   171 | D:1      | Reached skill level 4 in Unarmed Combat
   171 | D:1      | Reached XP level 2. HP: 17/23 MP: 3/3
   298 | D:1      | Reached XP level 3. HP: 16/28 MP: 4/4
   550 | D:2      | Reached skill level 5 in Unarmed Combat
   550 | D:2      | Reached XP level 4. HP: 15/35 MP: 5/5
   602 | D:2      | You fall into a shaft and drop 1 floor!
   636 | D:3      | Reached XP level 5. HP: 40/40 MP: 6/6
   674 | D:3      | Noticed Grinder
   684 | D:3      | Killed Grinder
   685 | D:3      | Reached skill level 6 in Unarmed Combat
   685 | D:3      | Reached skill level 5 in Shapeshifting
   685 | D:3      | Reached XP level 6. HP: 47/47 MP: 7/7
   736 | D:3      | Noticed an ogre
   741 | D:3      | Killed an ogre
   742 | D:3      | Reached skill level 7 in Unarmed Combat
   742 | D:3      | Reached XP level 7. HP: 33/52 MP: 8/8
   927 | D:3      | Noticed Terence
   934 | D:3      | Killed Terence
  1694 | D:5      | Entered Level 5 of the Dungeon
  1701 | D:5      | Reached skill level 8 in Unarmed Combat
  1805 | D:5      | Reached XP level 8. HP: 11/59 MP: 9/9
  1807 | D:5      | HP: 2/59 [gnoll/+0 spear[a gnoll bouda] (3)]
  1807 | D:5      | Mangled by a gnoll bouda

Illustrated notes

Levels and vault maps discovered:
D:1:      matt_arrival_grand_opening, layout_loops_ring
D:2:      layout_basic, minmay_pentomino_pile
D:3:      layout_basic, uniq_grinder, uniq_terence
D:4:      layout_layer_cave
D:5:      layout_cave_pools, nicolae_overflow_hallway_of_the_gods,
          grunt_ministairs_5, st_stairs_12

Skill      XL: |  1  2  3  4  5  6  7 |
---------------+----------------------+-----
Unarmed Combat | 4 5 6 7 8 |  8.5
Shapeshifting  | 4 5 6 |  6.2
Fighting       | |  1.1
Dodging        | |  2.1

Action                     |  1- 3 |  4- 6 |  7- 9 || total
---------------------------+-------+-------+-------++-------
  Melee: Unarmed           |    78 |    27 |    92 ||   197
         Punch             |     4 |       |     4 ||     8
    Use: Potion            |       |     1 |       ||     1
         Scroll            |       |       |     2 ||     2
 Armour: Animal skin       |    30 |     8 |    41 ||    79
         Skin              |       |     5 |       ||     5
  Dodge: Dodged            |    36 |    10 |    83 ||   129

Table legend: (Time is in decaauts)
 A = Elapsed time spent in this place.
 B = Non-inter-level travel time spent in this place.
 C = Inter-level travel time spent in this place.
 D = Time resting spent in this place.
 E = Time spent auto-exploring this place.
 F = Levels seen in this place.
 G = Mean time per level.
                   A        B        C        D        E       F      G
               +--------+--------+--------+--------+--------+-----+--------+
         Total |   1783 |   1756 |     27 |      9 |   1274 |   5 |  356.6 |
       Dungeon |   1783 |   1756 |     27 |      9 |   1274 |   5 |  356.6 |
               +--------+--------+--------+--------+--------+-----+--------+

Top non-repeatable levels by time:
     D:4: 657 daAuts
     D:1: 453 daAuts
     D:3: 422 daAuts
     D:2: 140 daAuts
     D:5: 109 daAuts
